 Dungeon Sprint DCSS version 0.30-a0-1043-g60ff8d5f49 (webtiles) character file.

Game seed: 6673694361893822008

6900000 Danienth the Demonspawn of Death (level 24, -21/227 HPs)
             Began as a Demonspawn Necromancer on Apr 9, 2023.
             Was the Champion of Makhleb.
             Demolished by a destroyer
             ... wielding a +9 heavy great sword
              (124 damage)
             ... in the Dungeon (Sprint VIII: "Arena of Blood").
             The game lasted 00:12:36 (69 turns).

Danienth the Demonspawn of Death (DsNe)               Turns: 69, Time: 00:12:37

Health: -21/227    AC:  6    Str: 16    XL:     24   Next: 5%
Magic:  54/54      EV: 34    Int: 18    God:    Makhleb [******]
Gold:   0          SH:  0    Dex: 17    Spells: 76/77 levels left

rFire   . . .      SeeInvis .    h - +∞ Axe of Woe
rCold   + . .      Faith    .    (shield currently unavailable)
rNeg    . . .      Spirit   .    a - +0 robe
rPois   .          Reflect  .    (no helmet)
rElec   .          Rampage  .    (no cloak)
rCorr   .          NoTele   +    (gloves unavailable)
Will    +....                    (no boots)
Stlth   ++++++++++               (no amulet)
HPRegen 0.57/turn                e - +250 ring of slaying
MPRegen 0.34/turn                (no ring)

@: mighty, agile, on berserk cooldown
A: icy blue scales 3, demonic guardian 3, powered by pain 2, black mark,
bedeviling, demonic touch 3
a: Renounce Religion, Minor Destruction, Lesser Servant of Makhleb, Major
Destruction, Greater Servant of Makhleb


You were in the Dungeon.
You worshipped Makhleb.
Makhleb was exalted by your worship.
You visited 1 branch

Inventory:

Hand Weapons
 h - the +∞ Axe of Woe (weapon)
   (You found it in the Dungeon)
Armour
 a - a +0 robe (worn)
Jewellery
 e - a +250 ring of slaying (left hand)
 f - a +200 ring of slaying
Potions
 b - 3 potions of magic (quivered)
 c - a potion of curing
 d - a potion of heal wounds


   Skills:
 O Level 27 Fighting
 O Level 27 Short Blades
 O Level 27 Long Blades
 O Level 27 Axes
 O Level 27 Maces & Flails
 O Level 27 Polearms
 O Level 27 Staves
 + Level 9.6 Ranged Weapons
 + Level 9.6 Throwing
 + Level 9.7 Armour
 O Level 27 Dodging
 O Level 27 Stealth
 + Level 9.7 Shields
 + Level 9.3 Unarmed Combat
 O Level 27 Spellcasting
 + Level 10.1 Conjurations
 + Level 10.6 Hexes
 + Level 10.6 Summonings
 O Level 27 Necromancy
 + Level 9.7 Translocations
 + Level 9.7 Transmutations
 + Level 9.7 Fire Magic
 + Level 9.7 Ice Magic
 + Level 9.7 Air Magic
 + Level 9.7 Earth Magic
 + Level 10.6 Poison Magic
 O Level 27 Invocations
 + Level 10.6 Evocations


You had 76 spell levels left.
You knew the following spells:

 Your Spells              Type           Power      Damage    Failure   Level
a - Necrotise             Necr           100%       1d9       0%          1

Your spell library contained the following spells:

 Spells                   Type           Power      Damage    Failure   Level
 Vampiric Draining        Necr           88%        2d12      0%          3
 Animate Dead             Necr           88%        N/A       0%          4
 Agony                    Necr           88%        N/A       0%          5


Dungeon Overview and Level Annotations

Branches:
Dungeon (1/1)

Altars:
Makhleb


Innate Abilities, Weirdness & Mutations

You are completely covered in icy blue scales. (AC +4, rC+)
A powerful demonic guardian rushes to your aid.
You sometimes gain power by taking damage.
Your melee attacks may debilitate your foes.
Your hexes are more powerful.
Your touch may irresistibly damage your foes and sap their willpower.


Message History

Your Hexes skill gained 2 levels and is now at level 10!
Your Summonings skill gained 2 levels and is now at level 10!
Your Translocations skill gained 2 levels and is now at level 9!
Your Transmutations skill gained 2 levels and is now at level 9!
Your Fire Magic skill gained 2 levels and is now at level 9!
Your Ice Magic skill gained 2 levels and is now at level 9!
Your Air Magic skill gained 2 levels and is now at level 9!
Your Earth Magic skill gained 2 levels and is now at level 9!
Your Poison Magic skill gained 2 levels and is now at level 10!
Your Evocations skill gained 2 levels and is now at level 10!
You have reached level 24!
You feel agile.
Your demonic ancestry asserts itself...
An ominous black mark forms on your body.
A meat berserker comes into view. It is wielding a +9 battleaxe.
Aiming: Major Destruction (0% risk of failure)
Press: ? - help, Shift-Dir - straight line, f - bag of meat
Aim: a bag of meat, wielding a +9 war axe and wearing a +30 ring of slaying (almost dead)
The bolt of negative energy hits the sculptor of flesh.
The sculptor of flesh completely resists.
The sculptor of flesh is lightly damaged.
The bolt of negative energy hits the bag of meat!!!
The bag of meat is drained!
The bag of meat is almost dead.
The bolt of negative energy misses the bag of meat.
The bolt of negative energy hits the bag of meat!!!
The bag of meat is drained!
You kill the bag of meat!
Makhleb accepts your kill.
You feel better.
The bag of meat is engulfed in blazing flames.
You hear a shout!
The bag of meat is engulfed in blazing flames.
The bag of meat dies!
A destroyer comes into view. It is wielding a +9 heavy great sword.
The bag of meat is engulfed in blazing flames. x2
The meat berserker hits you with a +9 battleaxe!!
The bag of meat is engulfed in blazing flames.
The destroyer hits you with a +9 heavy great sword!!!!
Ouch! That really hurt!
You die...

..###... ...###.......
......###............
....._.......o.....
#))...#....)..#.#
#_)<._#§o.o.....
#)....#§oo°z.#.#o
....._..O§z§o......
......###OWoozoo..#
..###......@###.......
. #.....Vz# .......
#.......# .zO....
........o o......
........z O#...#.
.....oOoO. #.z..#
......O..# o...#
......VV#.


You could see 3 destroyers, 5 sculptors of flesh, a large bag of meat (inner
flame), a dread, 4 meat berserkers and 13 bags of meat.

Vanquished Creatures
  A hell beast (D)
  A royal mummy (D)
  7 vampire knights (D)
  21 ogres (D)
  4 two-headed ogres (D)
  3 liches (D)
  A hydra (D)
  43 orcs (D)
  2 skeletal warriors (D)
83 creatures vanquished.

Vanquished Creatures (others)
  3 orcs (D)
3 creatures vanquished.

Grand Total: 86 creatures vanquished

Notes
Turn   | Place    | Note
-------+----------+-------------------------------------------
     0 | D        | Found the +∞ Axe of Woe
     0 | D        | Danienth the Demonspawn Necromancer began the quest for the
                  | Orb.
     0 | D        | Reached XP level 1. HP: 13/13 MP: 3/3
     3 | D        | Became a worshipper of Makhleb the Destroyer
     7 | D        | Noticed a bag of meat
     7 | D        | Noticed a meat berserker
     9 | D        | Noticed a meat berserker
     9 | D        | Noticed a bag of meat
    11 | D        | Killed a bag of meat
    11 | D        | Noticed a meat berserker
    11 | D        | Noticed a bag of meat
    12 | D        | Gained mutation: A weak demonic guardian rushes to your
                  | aid. [demonic ancestry]
    12 | D        | Reached XP level 2. HP: 22/22 MP: 3/10
    12 | D        | Gained mutation: Your touch may inflict minor irresistible
                  | damage on your foes. [demonic ancestry]
    12 | D        | Reached XP level 3. HP: 27/27 MP: 3/12
    12 | D        | Reached XP level 4. HP: 33/33 MP: 3/13
    12 | D        | Gained mutation: You are partially covered in icy blue
                  | scales. (AC +2) [demonic ancestry]
    12 | D        | Reached XP level 5. HP: 38/38 MP: 3/15
    12 | D        | Reached XP level 6. HP: 44/44 MP: 3/16
    12 | D        | Gained mutation: A demonic guardian rushes to your aid.
                  | [demonic ancestry]
    12 | D        | Reached XP level 7. HP: 50/50 MP: 3/18
    12 | D        | Gained mutation: You are mostly covered in icy blue scales.
                  | (AC +3) [demonic ancestry]
    12 | D        | Reached XP level 8. HP: 56/56 MP: 3/19
    12 | D        | Gained mutation: You are completely covered in icy blue
                  | scales. (AC +4, rC+) [demonic ancestry]
    12 | D        | Reached XP level 9. HP: 61/61 MP: 3/20
    12 | D        | Gained mutation: You sometimes gain a little power by
                  | taking damage. [demonic ancestry]
    12 | D        | Reached XP level 10. HP: 67/67 MP: 3/21
    12 | D        | Killed a meat berserker
    12 | D        | Reached * piety under Makhleb
    12 | D        | Killed a meat berserker
    12 | D        | Noticed a bag of meat
    12 | D        | Noticed a bag of meat
    13 | D        | Reached skill level 10 in Axes
    13 | D        | Reached skill level 10 in Stealth
    13 | D        | Reached skill level 27 in Necromancy
    13 | D        | Reached XP level 11. HP: 86/86 MP: 3/28
    13 | D        | Reached XP level 12. HP: 92/92 MP: 3/29
    13 | D        | Gained mutation: Your touch may inflict irresistible damage
                  | on your foes. [demonic ancestry]
    13 | D        | Reached XP level 13. HP: 98/98 MP: 3/30
    13 | D        | Noticed a meat berserker
    13 | D        | Noticed a bag of meat
    13 | D        | Noticed a bag of meat
    13 | D        | Noticed a large bag of meat
    14 | D        | Noticed a bag of meat
    14 | D        | Killed a bag of meat
    14 | D        | Noticed a bag of meat
    14 | D        | Noticed a bag of meat
    15 | D        | Reached skill level 10 in Fighting
    15 | D        | Noticed a meat berserker
    15 | D        | Killed a meat berserker
    15 | D        | Reached ** piety under Makhleb
    16 | D        | Reached skill level 15 in Dodging
    16 | D        | Reached skill level 15 in Spellcasting
    16 | D        | Reached XP level 14. HP: 118/118 MP: 3/33
    16 | D        | Noticed a bag of meat
    16 | D        | Noticed a bag of meat
    17 | D        | Noticed a large bag of meat
    18 | D        | Noticed a meat berserker
    19 | D        | Noticed a bag of meat
    21 | D        | Killed a meat berserker
    21 | D        | Killed a meat berserker
    21 | D        | Noticed a meat berserker
    21 | D        | Noticed a large bag of meat
    22 | D        | Reached XP level 15. HP: 134/134 MP: 4/35
    22 | D        | Reached *** piety under Makhleb
    22 | D        | Noticed a meat berserker
    23 | D        | Reached **** piety under Makhleb
    23 | D        | Noticed a meat berserker
    24 | D        | Reached XP level 16. HP: 148/148 MP: 4/37
    24 | D        | Noticed a meat berserker
    25 | D        | Killed a meat berserker
    26 | D        | Killed a large bag of meat
    26 | D        | Reached ***** piety under Makhleb
    27 | D        | Reached XP level 17. HP: 162/162 MP: 16/39
    27 | D        | Noticed an eight-headed meat hydra
    27 | D        | Noticed a destroyer
    29 | D        | Noticed a destroyer
    30 | D        | Noticed a meat berserker
    31 | D        | Killed a meat berserker
    31 | D        | Noticed a meat berserker
    32 | D        | Reached skill level 27 in Axes
    32 | D        | Killed a meat berserker
    32 | D        | Killed a meat berserker
    33 | D        | Reached skill level 15 in Stealth
    33 | D        | Killed a meat berserker
    33 | D        | Reached ****** piety under Makhleb
    33 | D        | Noticed a sculptor of flesh
    34 | D        | Reached skill level 27 in Fighting
    34 | D        | Killed a large bag of meat
    35 | D        | Reached skill level 27 in Dodging
    35 | D        | Reached XP level 18. HP: 82/182 MP: 25/45
    35 | D        | Noticed a meat berserker
    36 | D        | Noticed a meat berserker
    36 | D        | Noticed a meat berserker
    37 | D        | Killed a meat berserker
    38 | D        | Killed a nine-headed meat hydra
    38 | D        | Noticed a large bag of meat
    39 | D        | Killed a meat berserker
    40 | D        | Noticed a meat berserker
    40 | D        | Noticed a destroyer
    41 | D        | Killed a meat berserker
    41 | D        | Noticed a meat berserker
    41 | D        | Noticed a sculptor of flesh
    42 | D        | Killed a meat berserker
    42 | D        | Killed a sculptor of flesh
    42 | D        | Noticed a meat berserker
    42 | D        | Noticed a meat berserker
    43 | D        | Noticed a destroyer
    43 | D        | Killed a meat berserker
    45 | D        | Noticed a destroyer
    46 | D        | Killed a destroyer
    47 | D        | Reached skill level 27 in Spellcasting
    47 | D        | Killed a large bag of meat
    47 | D        | Noticed a tyrant
    47 | D        | Noticed a meat berserker
    48 | D        | Reached skill level 27 in Stealth
    48 | D        | Gained mutation: Your touch may irresistibly damage your
                  | foes and sap their willpower. [demonic ancestry]
    48 | D        | Reached XP level 19. HP: 141/189 MP: 48/50
    48 | D        | Killed a destroyer
    48 | D        | Killed a destroyer
    48 | D        | Noticed a meat berserker
    49 | D        | Reached skill level 5 in Short Blades
    49 | D        | Reached skill level 5 in Hexes
    49 | D        | Reached skill level 5 in Summonings
    49 | D        | Reached skill level 5 in Translocations
    49 | D        | Reached skill level 5 in Transmutations
    49 | D        | Reached skill level 5 in Fire Magic
    49 | D        | Reached skill level 5 in Ice Magic
    49 | D        | Reached skill level 5 in Air Magic
    49 | D        | Reached skill level 5 in Earth Magic
    49 | D        | Reached skill level 5 in Poison Magic
    49 | D        | Reached skill level 5 in Evocations
    49 | D        | Killed a destroyer
    49 | D        | Noticed a large bag of meat
    49 | D        | Noticed a destroyer
    50 | D        | Reached skill level 5 in Long Blades
    50 | D        | Reached skill level 5 in Maces & Flails
    50 | D        | Reached skill level 5 in Polearms
    50 | D        | Reached skill level 5 in Staves
    50 | D        | Reached skill level 5 in Ranged Weapons
    50 | D        | Reached skill level 5 in Throwing
    50 | D        | Reached skill level 5 in Armour
    50 | D        | Reached skill level 5 in Shields
    50 | D        | Reached skill level 5 in Unarmed Combat
    50 | D        | Noticed an accursed
    50 | D        | Noticed a destroyer
    50 | D        | Killed a meat berserker
    51 | D        | Reached skill level 10 in Short Blades
    51 | D        | Reached XP level 20. HP: 190/197 MP: 49/51
    52 | D        | Killed a meat berserker
    52 | D        | Noticed a destroyer
    53 | D        | Reached skill level 10 in Invocations
    53 | D        | Killed a destroyer
    54 | D        | Gained mutation: You sometimes gain power by taking damage.
                  | [demonic ancestry]
    54 | D        | Reached XP level 21. HP: 199/204 MP: 52/52
    54 | D        | Killed a destroyer
    56 | D        | Noticed a tyrant
    56 | D        | Killed a destroyer
    56 | D        | Noticed a tyrant
    57 | D        | Gained mutation: A powerful demonic guardian rushes to your
                  | aid. [demonic ancestry]
    57 | D        | Reached XP level 22. HP: 190/212 MP: 53/53
    57 | D        | Noticed a large bag of meat
    58 | D        | Noticed a dread
    59 | D        | Noticed a meat beast
    59 | D        | Killed a large bag of meat
    59 | D        | Killed a meat beast
    60 | D        | Reached skill level 15 in Invocations
    60 | D        | Gained mutation: Your hexes are more powerful. [demonic
                  | ancestry]
    60 | D        | Reached XP level 23. HP: 179/219 MP: 54/54
    61 | D        | Killed a tyrant
    62 | D        | Reached skill level 27 in Short Blades
    62 | D        | Reached skill level 27 in Long Blades
    62 | D        | Reached skill level 27 in Maces & Flails
    62 | D        | Reached skill level 27 in Polearms
    62 | D        | Reached skill level 27 in Staves
    65 | D        | Noticed a destroyer
    65 | D        | Noticed an accursed
    66 | D        | Killed a tyrant
    66 | D        | Noticed a destroyer
    67 | D        | Reached skill level 27 in Invocations
    68 | D        | Killed an accursed
    68 | D        | Killed a tyrant
    69 | D        | Reached skill level 10 in Conjurations
    69 | D        | Reached skill level 10 in Hexes
    69 | D        | Reached skill level 10 in Summonings
    69 | D        | Reached skill level 10 in Poison Magic
    69 | D        | Reached skill level 10 in Evocations
    69 | D        | Gained mutation: Your melee attacks may debilitate your
                  | foes. [demonic ancestry]
    69 | D        | Reached XP level 24. HP: 116/227 MP: 54/54
    69 | D        | Noticed a destroyer
    69 | D        | Demolished by a destroyer

Illustrated notes

Levels and vault maps discovered:
D:        meatsprint

Skill      XL: |  1  2  3  4  5  6  7  8  9 10 11 12 13 14 15 16 17 18 19 20 21 22 23 |
---------------+----------------------------------------------------------------------+-----
Fighting       | 2 7 13 17 19 22 27 | 27.0
Axes           | 4 10 14 17 21 25 27 | 27.0
Dodging        | 7 13 15 18 20 23 27 | 27.0
Stealth        | 6 10 11 12 13 14 17 27 | 27.0
Spellcasting   | 7 13 15 16 17 18 23 27 | 27.0
Necromancy     | 23 27 | 27.0
Short Blades   | 10 16 22 26 27 | 27.0
Long Blades    | 9 16 22 26 27 | 27.0
Maces & Flails | 9 16 22 26 27 | 27.0
Polearms       | 9 16 21 25 27 | 27.0
Staves         | 9 16 21 25 27 | 27.0
Ranged Weapons | 5 9 |  9.6
Throwing       | 5 9 |  9.6
Armour         | 5 9 |  9.7
Shields        | 5 9 |  9.7
Unarmed Combat | 5 9 |  9.3
Conjurations   | 6 10 | 10.1
Hexes          | 7 10 | 10.6
Summonings     | 7 10 | 10.6
Translocations | 6 9 |  9.7
Transmutations | 6 9 |  9.7
Fire Magic     | 6 9 |  9.7
Ice Magic      | 6 9 |  9.7
Air Magic      | 6 9 |  9.7
Earth Magic    | 6 9 |  9.7
Poison Magic   | 7 10 | 10.6
Invocations    | 9 11 13 15 27 | 27.0
Evocations     | 7 10 | 10.6

Action                     |  1- 3 |  4- 6 |  7- 9 | 10-12 | 13-15 | 16-18 | 19-21 | 22-24 || total
---------------------------+-------+-------+-------+-------+-------+-------+-------+-------++-------
  Melee: Executioner's axe |     1 |       |       |     1 |     5 |    18 |     8 |     8 ||    41
   Cast: Necrotise         |       |       |       |       |     1 |       |       |       ||     1
 Invoke: Minor Destruction |       |       |       |       |       |       |     1 |       ||     1
         Major Destruction |       |       |       |       |       |       |       |     1 ||     1
    Use: Potion            |       |       |       |       |     2 |       |       |       ||     2
         Scroll            |       |       |       |       |     1 |       |       |       ||     1
  Dodge: Dodged            |     2 |       |       |       |       |       |     1 |     1 ||     4

Table legend: (Time is in decaauts)
 A = Elapsed time spent in this place.
 B = Non-inter-level travel time spent in this place.
 C = Inter-level travel time spent in this place.
 D = Time resting spent in this place.
 E = Time spent auto-exploring this place.
 F = Levels seen in this place.
 G = Mean time per level.
                   A        B        C        D        E       F      G
               +--------+--------+--------+--------+--------+-----+--------+
         Total |     54 |     54 |      0 |      0 |      0 |   1 |   54.0 |
       Dungeon |     54 |     54 |      0 |      0 |      0 |   1 |   54.0 |
               +--------+--------+--------+--------+--------+-----+--------+

Top non-repeatable levels by time:
       D: 54 daAuts
